 Dungeon Crawl Stone Soup version 0.26.1-10-gdfb7c7de75 (webtiles) character file.

Game seed: 18103556440583203517

3795 ytrimaz the Covert (level 10, -19/68 HPs)
             Began as an Octopode Brigand on Apr 3, 2021.
             Demolished by a two-headed ogre
             ... wielding a +0 giant spiked club
              (24 damage)
             ... on level 8 of the Dungeon.
             The game lasted 00:17:36 (11994 turns).

ytrimaz the Covert (Octopode Brigand)              Turns: 11994, Time: 00:17:37

Health: -19/68     AC:  5    Str: 11    XL:     10   Next: 16%
Magic:  19/19      EV: 17    Int: 13    God:
Gold:   382        SH:  0    Dex: 17    Spells: 9/9 levels left

rFire    + . .     SeeInvis +   D - +1 dagger (venom)
rCold    x . .     Faith    .   (no shield)
rNeg     . . .     Spirit   .   (helmet restricted)
rPois    .         Reflect  .   (no amulet)
rElec    .         Harm     .   d - ring of fire
rCorr    .         Rampage  .   e - ring of see invisible
Will     .....                  h - +4 ring of protection
Stlth    ++++++....             i - ring of magical power
HPRegen  0.21/turn              (no ring)
MPRegen  0.16/turn              (no ring)
                                (no ring)
                                (no ring)

@: mighty, hasted, very quick
A: almost no armour, stealthy swim, amphibious, 8 rings, constrict 8, camouflage
1, gelatinous body 1
a: no special abilities


You were on level 8 of the Dungeon.
You visited 2 branches of the dungeon, and saw 10 of its levels.

You collected 382 gold pieces.

Inventory:

Hand Weapons
 f - a +0 dagger of freezing
 C - a +6 dagger
 D - a +1 dagger of venom (weapon)
Missiles
 b - 31 poisoned darts (quivered)
 c - 2 curare-tipped darts
 m - 3 datura-tipped darts
 x - 8 atropa-tipped darts
Jewellery
 d - a ring of fire (left tentacle)
 e - a ring of see invisible (right tentacle)
 h - a +4 ring of protection (on tentacle)
 i - a ring of magical power (on tentacle)
Wands
 r - a wand of flame (16)
 u - a wand of random effects (13)
 v - a wand of enslavement (14)
 z - a wand of digging (7)
 E - a wand of iceblast (12)
Scrolls
 a - 3 scrolls of blinking {unknown}
 k - 5 scrolls of identify
 n - 4 scrolls of remove curse
 q - a scroll of enchant weapon
 y - 2 scrolls of amnesia
Potions
 g - a potion of brilliance
 j - 2 potions of curing
 l - 3 potions of lignification
 s - a potion of magic
 t - 3 potions of flight {unknown}
 w - a potion of ambrosia {unknown}
 A - a potion of resistance {unknown}
 B - 2 potions of cancellation {unknown}
 G - a potion of heal wounds
 H - a potion of attraction {unknown}


   Skills:
 + Level 5.6 Fighting
 + Level 8.0 Short Blades
 - Level 2.3 Throwing
 + Level 6.3 Dodging
 + Level 12.9 Stealth


You had 9 spell levels left.
You didn't know any spells.
Your spell library contained the following spells:

 Spells                   Type           Power        Failure   Level
 Animate Skeleton         Necr           0%           30%         1
 Apportation              Tloc           0%           30%         1
 Corona                   Hex            0%           30%         1
 Magic Dart               Conj           0%           30%         1
 Summon Small Mammal      Summ           0%           30%         1
 Blink                    Tloc           N/A          43%         2
 Call Imp                 Summ           0%           43%         2
 Slow                     Hex            0%           43%         2
 Conjure Flame            Conj/Fire      0%           67%         3
 Mephitic Cloud           Conj/Pois/Air  0%           67%         3


Dungeon Overview and Level Annotations

Branches:
Dungeon (9/15)             Temple (1/1) D:4
   Lair: D:8-11         Orc: D:9-12

Altars:
Ashenzari
Cheibriados
Elyvilon
Fedhas
Gozag
Kikubaaqudgha
Makhleb
Nemelex Xobeh
Okawaru
Qazlal
Ru
Sif Muna
Trog
Uskayaw
Vehumet
Wu Jian
Xom
Zin
The Shining One

Shops:
D:6 *

Annotations:
D:5 Prince Ribbit


Innate Abilities, Weirdness & Mutations

You cannot wear most types of armour.
You are very stealthy in the water. (Stealth+)
You are amphibious.
You can wear up to eight rings at the same time.
You can use your tentacles to constrict eight enemies at once.
Your skin changes colour to match your surroundings (Stealth+).
Your rubbery body absorbs attacks. (AC +1, EV +1)


Message History

There is an entrance to a bailey on this level.
Hurry and find it before the portal closes forever! 5 wights come into view.
A wight is wielding a +0 battleaxe and wearing a +0 robe of positive energy.
Found a murky puce potion, a yellow potion and 16 arrows.
There is a stone staircase leading up here.
Okay, then.
There are monsters nearby!
You feel very mighty all of a sudden.
You feel yourself speed up.
You climb upwards.
There is a stone staircase leading down here.
Unknown command.
The two-headed ogre shouts in stereo!
You puncture the two-headed ogre!
The two-headed ogre is poisoned.
You squeeze the two-headed ogre!
The two-headed ogre is moderately wounded.
The two-headed ogre hits you with a +0 giant spiked club!!
* * * LOW HITPOINT WARNING * * *
The two-headed ogre hits you with a +0 giant club!!
You die...

##..####..## #.# #...##...#
#.# # ##....#..## #.# #
#........# #.# #
.......#.....#######.######
#.#######=....##...........
##.....#.##########
#..O.....# # ##.@#....##
##### #...##...# ###...##
##..####..####<##...# #...#
##..##...##..# #..##
##.##.♣.##..# #..#
#..#..O#.... #.##
##.##.###..# #>#
##.##'###### ###
##..#...##...


You could see a two-headed ogre (very poisoned).

Vanquished Creatures
  Grinder (D:6)
  Sigmund (D:6)
  A basilisk (D:6)
  A wyvern (D:7)
  2 water moccasins (D:7)
  Duvessa (D:7)
  2 orc warriors
  A sky beast (D:5)
  2 ice beasts
  A black bear (D:6)
  An eye of draining (D:8)
  3 phantoms
  4 ogres
  A centaur (D:8)
  2 bullfrogs
  Dowan (D:7)
  A scorpion (D:8)
  A wyvern skeleton (D:8)
  A centaur zombie (D:5)
  A bullfrog zombie (D:5)
  Crazy Yiuf (D:4)
  4 orc priests
  3 bullfrog skeletons
  2 centaur skeletons
  3 hounds
  8 orc wizards
  3 iguanas
  7 worker ants
  A hound zombie (D:7)
  A hound skeleton (D:6)
  Robin (D:3)
  A howler monkey skeleton (D:8)
  8 adders
  4 gnolls (D:3)
  A white imp (D:8)
  2 ufetubi
  An ooze (D:1)
  3 worms
  2 dart slugs
  A leopard gecko (D:2)
  27 orcs
  2 ball pythons
  8 bats
  4 giant cockroaches
  19 goblins
  12 hobgoblins
  5 jackals
  6 quokkas
  3 frilled lizards (D:1)
  9 kobolds
  A leopard gecko skeleton (D:4)
  3 quokka skeletons
  5 rats
190 creatures vanquished.

Notes
Turn   | Place    | Note
-------+----------+-------------------------------------------
     0 | D:1      | ytrimaz the Octopode Brigand began the quest for the Orb.
     0 | D:1      | Reached XP level 1. HP: 14/14 MP: 1/1
   122 | D:1      | Reached XP level 2. HP: 16/19 MP: 2/2
   506 | D:1      | Reached skill level 6 in Stealth
   506 | D:1      | Reached XP level 3. HP: 21/24 MP: 3/3
  1239 | D:2      | Reached XP level 4. HP: 23/30 MP: 4/4
  1793 | D:2      | Reached XP level 5. HP: 35/35 MP: 5/5
  2299 | D:3      | Reached skill level 7 in Stealth
  2428 | D:3      | Found a bloodstained altar of Trog.
  2489 | D:3      | Noticed Robin
  2526 | D:3      | Killed Robin
  2737 | D:3      | Reached XP level 6. HP: 40/41 MP: 6/6
  3383 | D:4      | Reached skill level 8 in Stealth
  3464 | D:4      | Found a staircase to the Ecumenical Temple.
  3471 | Temple   | Entered the Ecumenical Temple
  4323 | D:4      | Reached XP level 7. HP: 46/46 MP: 7/7
  4778 | D:4      | Found an ornate altar of the Wu Jian Council.
  4778 | D:4      | Found an iron altar of Okawaru.
  4782 | D:4      | Found an ancient bone altar of Kikubaaqudgha.
  4783 | D:4      | Found a sparkling altar of Nemelex Xobeh.
  4887 | D:4      | Found a runed translucent door.
  4888 | D:4      | Noticed Crazy Yiuf
  5173 | D:4      | Killed Crazy Yiuf
  5224 | D:5      | Entered Level 5 of the Dungeon
  5702 | D:5      | Reached skill level 9 in Stealth
  5755 | D:5      | Found a burning altar of Makhleb.
  5798 | D:5      | Reached XP level 8. HP: 54/54 MP: 8/8
  5874 | D:5      | Reached skill level 5 in Short Blades
  5900 | D:5      | HP: 2/81 [ice beast (13)]
  6724 | D:6      | Noticed Prince Ribbit
  7548 | D:6      | Noticed Grinder
  7554 | D:6      | Killed Grinder
  7555 | D:6      | Reached skill level 5 in Dodging
  7560 | D:6      | Reached skill level 10 in Stealth
  7581 | D:6      | Reached XP level 9. HP: 59/59 MP: 9/9
  7639 | D:6      | Found Ofot's General Store.
  7697 | D:6      | Noticed Sigmund
  7704 | D:6      | Killed Sigmund
  7730 | D:6      | Found a hide-covered altar of Uskayaw.
  8086 | D:6      | Found a shimmering blue altar of Sif Muna.
  8087 | D:6      | Found a blossoming altar of Fedhas.
  8110 | D:6      | Reached skill level 5 in Fighting
  8290 | D:7      | Reached skill level 11 in Stealth
  8743 | D:7      | Noticed Dowan
  8743 | D:7      | Noticed Duvessa
  8760 | D:7      | Killed Duvessa
  8765 | D:7      | Killed Dowan
  9513 | D:7      | Reached skill level 12 in Stealth
  9528 | D:7      | Found a broken altar of Ashenzari.
  9947 | D:7      | Reached XP level 10. HP: 26/66 MP: 10/10
 11044 | D:8      | Noticed a two-headed ogre
 11994 | D:8      | Demolished by a two-headed ogre

Illustrated notes

Levels and vault maps discovered:
D:1:      dpeg_arrival_three_smaller_balls, layout_rooms,
          minmay_misc_feat_cross, minmay_misc_feat_roman
D:2:      layout_loops_corners
D:3:      layout_loops_ring, bloody_trog, uniq_robin
D:4:      layout_basic, minitemple, minmay_temple_entry_gardened_gates,
          minmay_ogre_servants, uniq_crazy_yiuf_cottage
D:5:      layout_gridville, makhleb_heckhound_becter
D:6:      layout_basic, eat_drink_and_be_merry_uskayaw,
          nicolae_overflow_hidden_temple, serial_shops, shop,
          patterned_corridor, uniq_sigmund, uniq_prince_ribbit1, uniq_grinder
D:7:      kb_forest_paths, layout_loops_ring, old_standard_altar,
          minmay_between, uniq_duvessa
D:8:      layout_loops_corners, grunt_ministairs_5, minmay_crossroads
D:9:      layout_cave_pools, riverfiend_overflow_shadow_ancestor,
          due_lair_maze_entry_diamond, serial_shops, shop_statue,
          serial_gnoll_camp, gnoll_camp_mini_hut, gnoll_camp_mini_house,
          gnoll_camp_mini_hut, gnoll_camp_huts_basic, gnoll_camp_mini_shop,
          gnoll_camp_medium_01, enter_bailey_6, nrook_pool_corridor
Temple:   jpeg_temple_island

Skill      XL: |  1  2  3  4  5  6  7  8  9 10 |
---------------+-------------------------------+-----
Stealth        | 6 7 8 9 10 12 | 12.9
Dodging        | 2 3 5 6 |  6.3
Short Blades   | 3 4 6 7 8 |  8.0
Fighting       | 3 4 5 |  5.6
Throwing       | |  2.3

Action                   |  1- 3 |  4- 6 |  7- 9 | 10-12 || total
-------------------------+-------+-------+-------+-------++-------
Melee: Dagger            |    69 |   153 |   252 |    91 ||   565
       Constrict         |    24 |    47 |    34 |     7 ||   112
       Tentacles         |    11 |    33 |    54 |    23 ||   121
  Use: Scroll            |       |       |     8 |     2 ||    10
       Potion            |       |       |     8 |     2 ||    10
 Stab: Sleeping          |     8 |    10 |    27 |     4 ||    49
       Distracted        |       |       |     1 |       ||     1
Armor: Skin              |    14 |    32 |    27 |    11 ||    84
Dodge: Dodged            |    57 |    89 |   107 |    66 ||   319
